 Dungeon Crawl Stone Soup version 0.32-a0-872-g59262bdc9b (webtiles) character file.

Game seed: 16624644303254798133

1133602 AutarchDCSS the Conqueror (level 27, -2/273 HPs)
             Began as a Minotaur Monk on Mar 30, 2024.
             Was the Champion of Qazlal.
             Slain by a spectral vault warden (17 damage)
             ... led by an eidolon
             ... on level 1 of Tartarus.
             The game lasted 04:05:24 (111967 turns).

AutarchDCSS the Conqueror (Minotaur Monk)         Turns: 111967, Time: 04:05:25

Health: -2/273     AC: 34    Str: 34 (35) XL:     27
Magic:  39/39      EV: 34    Int:  5 (16) God:    Qazlal [******]
Gold:   8704       SH: 42    Dex: 23 (26) Spells: 35/35 levels left

rFire   + . .        b - +9 double sword (holy)
rCold   + + .        E - +7 tower shield {AC+3}
rNeg    + + +        M - +5 faerie dragon scales {rCorr Int+4}
rPois   +            o - -2 hat of the Alchemist {rElec rPois rF+ rC+ rN+ Will+ rMut rCorr}
rElec   +            e - +2 cloak {rC+}
rCorr   +            A - +1 pair of gloves of Chimes {rPois rC- Regen+ Str+6}
SInv    +            q - +2 pair of boots {Fly}
Will    ++...        F - amulet "Cevaet" {Will+ Regen+ Str+5 SInv}
Stlth   +            v - ring "Rydicw" {^Contam +Blink rN++ Str+6}
HPRegen 2.25/turn    H - +6 ring of intelligence
MPRegen 0.26/turn

%: repel missiles, resist mutation
@: mighty, lethally poisoned (-2 -> -3), weak-willed, protected from physical
damage, on blink cooldown, flying, hasted and slowed, lost intelligence,
studying 3 skills, unable to read
A: horns 2, retaliatory headbutt, agile 1, cold resistance 1, passive freeze,
weak 1, wild magic 1
}: 11/15 runes: decaying, serpentine, slimy, silver, iron, abyssal, demonic,
glowing, magical, fiery, dark
a: Renounce Religion, Evoke Blink, Upheaval, Elemental Force, Disaster Area


You were on level 1 of Tartarus.
You worshipped Qazlal.
Qazlal was exalted by your worship.
You visited 16 branches of the dungeon, and saw 71 of its levels.
You visited Pandemonium 4 times, and saw 17 of its levels.
You visited the Abyss 6 times.
You visited 1 ziggurat, and saw 4 of its levels.
You also visited: Trove, Sewer, Ice Cave and Wizlab.

You collected 12657 gold pieces.
You spent 3953 gold pieces at shops.

Inventory:

Hand Weapons
 a - the +8 autumn katana {manifold assault}
   (You bought it in a shop on level 2 of the Orcish Mines)
 b - a +9 double sword of holy wrath (weapon)
 z - a +9 demon blade of freezing
Missiles
 B - 7 throwing nets
 T - 20 curare-tipped darts
Armour
 e - a +2 cloak of cold resistance (worn)
 l - +1 gold dragon scales
 o - the -2 hat of the Alchemist (worn) {rElec rPois rF+ rC+ rN+ Will+ rMut rCorr}
   (You acquired it in a sewer)

   rF+:       It protects you from fire.
   rC+:       It protects you from cold.
   rElec:     It insulates you from electricity.
   rPois:     It protects you from poison.
   rN+:       It protects you from negative energy.
   Will+:     It increases your willpower.
   rCorr:     It protects you from acid and corrosion.
   rMut:      It protects you from mutation.
 q - a +2 pair of boots of flying (worn)
 A - the +1 pair of gloves of Chimes (worn) {rPois rC- Regen+ Str+6}
   (You found it on level 3 of the Elven Halls)

   Str+6:     It affects your strength (+6).
   rC-:       It makes you vulnerable to cold.
   rPois:     It protects you from poison.
   Regen+:    It increases your rate of health regeneration.
 E - a +7 tower shield of protection (worn)
 M - the +5 faerie dragon scales (worn) {rCorr Int+4}
   (You took it off the Enchantress on level 3 of the Depths)

   Int+4:     It affects your intelligence (+4).
   rCorr:     It protects you from acid and corrosion.
Jewellery
 i - the amulet "Piat" {Faith ^Drain rPois Regen+ SInv}
   (You found it on level 7 of the Iron City of Dis)

   [amulet of faith]

   Faith:     It allows you to gain divine favour quickly.
   rPois:     It protects you from poison.
   SInv:      It lets you see invisible.
   Regen+:    It increases your rate of health regeneration.
   ^Drain:    It drains your maximum health when unequipped.
 r - the ring of Circularity {rF+ rC+ Dex+2 Stlth-}
   (You bought it in a shop on level 2 of the Orcish Mines)

   [ring of protection from fire]

   Dex+2:     It affects your dexterity (+2).
   rF+:       It protects you from fire.
   rC+:       It protects you from cold.
   Stlth-:    It makes you less stealthy.
 s - the ring of Puihaeck {rC+ rN+ Will+ Dex+6 Stlth-}
   (You took it off a deep elf archer on level 3 of the Elven Halls)

   [ring of dexterity]

   Dex+6:     It affects your dexterity (+6).
   rC+:       It protects you from cold.
   rN+:       It protects you from negative energy.
   Will+:     It increases your willpower.
   Stlth-:    It makes you less stealthy.
 v - the ring "Rydicw" (left hand) {^Contam +Blink rN++ Str+6}
   (You found it in Pandemonium)

   [ring of strength]

   Str+6:     It affects your strength (+6).
   rN++:      It greatly protects you from negative energy.
   +Blink:    It lets you blink.
   ^Contam:   It causes magical contamination when unequipped.
 C - the ring "Ydamm" {Fire rElec Int-2 Dex+5}
   (You found it in a wizard's laboratory)

   [ring of fire]

   Fire:      It enhances your fire magic.
   Int-2:     It affects your intelligence (-2).
   Dex+5:     It affects your dexterity (+5).
   rF+:       It protects you from fire.
   rC-:       It makes you vulnerable to cold.
   rElec:     It insulates you from electricity.
 F - the amulet "Cevaet" (around neck) {Will+ Regen+ Str+5 SInv}
   (You found it on level 14 of the Dungeon)

   [amulet of regeneration]

   Str+5:     It affects your strength (+5).
   Will+:     It increases your willpower.
   SInv:      It lets you see invisible.
   Regen+:    It increases your rate of health regeneration.
 H - a +6 ring of intelligence (right hand)
Wands
 d - a wand of charming (65)
 f - a wand of mindburst (44)
 k - a wand of light (49)
 p - a wand of digging (5)
 L - a wand of polymorph (37)
 N - a wand of roots (62)
Scrolls
 g - 16 scrolls of fog
 j - 29 scrolls of teleportation
 u - 13 scrolls of fear
 D - 2 scrolls of enchant weapon
 K - 3 scrolls of silence
 Q - 13 scrolls of blinking
 R - 2 scrolls of immolation
 V - 8 scrolls of summoning
Potions
 c - 11 potions of ambrosia
 h - 5 potions of heal wounds
 m - a potion of haste
 n - 2 potions of mutation
 t - 4 potions of might
 x - 6 potions of magic
 G - 16 potions of curing
 I - 13 potions of lignification
 J - 5 potions of invisibility
 O - 3 potions of resistance
 W - 8 potions of berserk rage
 Y - 3 potions of cancellation
 Z - 7 potions of attraction
Miscellaneous
 w - the horn of Geryon
 y - a lightning rod (4/4)
 P - a sack of spiders
 S - a phantom mirror
 U - a tin of tremorstones (2/2)
 X - a phial of floods


   Skills:
 O Level 27 Fighting
 O Level 27 Long Blades
 O Level 27 Armour
 O Level 27 Dodging
 O Level 27 Shields
 - Level 4.8 Spellcasting
 - Level 5.2 Translocations
 - Level 5.2 Air Magic
 O Level 27 Invocations
 + Level 20.7 Evocations
 - Level 13.7 Shapeshifting


You had 35 spell levels left.
You didn't know any spells.
Your spell library contained the following spells:

 Spells                   Type           Power      Damage    Failure   Level
 Apportation              Tloc           16%        N/A       7%          1
 Blink                    Tloc           16%        N/A       10%         2
 Lesser Beckoning         Tloc           16%        N/A       10%         2
 Shock                    Conj/Air       16%        1d4       17%         1
 Swiftness                Air            8%         N/A       17%         3
 Teleport Other           Tloc           8%         N/A       17%         3
 Momentum Strike          Conj/Tloc      8%         3d8       24%         2
 Mercury Vapours          Alch/Air       8%         N/A       26%         2
 Static Discharge         Conj/Air       8%         3-4/arc   26%         2
 Cigotuvi's Dreadful Rot  Necr/Alch/Air  6%         N/A       34%         2
 Foxfire                  Conj/Fire      4%         2x1d4     43%         1
 Freeze                   Ice            4%         1d3       43%         1
 Kiss of Death            Conj/Necr      4%         2d5       43%         1
 Necrotise                Necr           4%         1d4       43%         1
 Sandblast                Erth           2%         2d4       43%         1
 Slow                     Hex            4%         N/A       43%         1
 Sting                    Conj/Alch      4%         1d3       43%         1
 Summon Small Mammal      Summ           4%         N/A       43%         1
 Volatile Blastmotes      Fire/Tloc      8%         2d10      43%         3
 Airstrike                Air            4%         2d(1-17)  45%         4
 Maxwell's Portable Pile  Tloc           8%         2d(6-12)  45%         4
 Passage of Golubria      Tloc           8%         N/A       45%         4
 Vhi's Electric Charge    Tloc/Air       16%        N/A       45%         4
 Call Imp                 Summ           2%         N/A       54%         2
 Ensorcelled Hibernation  Hex/Ice        2%         N/A       54%         2
 Jinxbite                 Hex            2%         N/A       54%         2
 Scorch                   Fire           2%         2d5       54%         2
 Sublimation of Blood     Necr           1%         N/A       54%         2
 Mephitic Cloud           Conj/Alch/Air  3%         N/A       54%         3
 Call Canine Familiar     Summ           1%         N/A       78%         3
 Confusing Touch          Hex            1%         N/A       78%         3
 Dazzling Flash           Conj/Hex       2%         N/A       78%         3
 Frozen Ramparts          Ice            2%         1d1       78%         3
 Fugue of the Fallen      Necr           1%         N/A       78%         3
 Hailstorm                Conj/Ice       1%         3d5       78%         3
 Inner Flame              Hex/Fire       1%         N/A       78%         3
 Ozocubu's Armour         Ice            1%         N/A       78%         3
 Passwall                 Erth           1%         N/A       78%         3
 Sigil of Binding         Hex            1%         N/A       78%         3
 Stone Arrow              Conj/Erth      2%         3d7       78%         3
 Summon Ice Beast         Ice/Summ       1%         N/A       78%         3
 Tukima's Dance           Hex            1%         N/A       78%         3
 Vampiric Draining        Necr           1%         2d6       78%         3
 Dimensional Bullseye     Hex/Tloc       2%         N/A       82%         4
 Iskenderun's Mystic Bla Conj/Tloc 4%             2d3        (+2d1     82%         4
 Summon Lightning Spire   Summ/Air       4%         N/A       82%         4
 Arcjolt                  Conj/Air       2%         1d12      98%         5
 Silence                  Hex/Air        2%         N/A       98%         5
 Summon Forest            Summ/Tloc      2%         N/A       98%         5
 Anguish                  Hex/Necr       0%         N/A       99%         4
 Animate Armour           Summ/Erth      2%         N/A       99%         4
 Animate Dead             Necr           1%         N/A       99%         4
 Brom's Barrelling Bould  Conj/Erth      1%         2d3       99%         4
 Cause Fear               Hex            0%         N/A       99%         4
 Dispel Undead            Necr           1%         3d6       99%         4
 Flame Wave               Conj/Fire      1%         2d4       99%         4
 Leda's Liquefaction      Alch/Erth      0%         N/A       99%         4
 Martyr's Knell           Necr/Summ      1%         N/A       99%         4
 Olgreb's Toxic Radiance  Alch           1%         N/A       99%         4
 Petrify                  Alch/Erth      1%         N/A       99%         4
 Sticky Flame             Fire/Alch      1%         2d4       99%         4
 Summon Blazeheart Golem  Fire/Summ      1%         N/A       99%         4
 Freezing Cloud           Conj/Ice/Air   1%         6-21      99%         5
 Alistair's Intoxication  Alch           0%         N/A       100%        5
 Borgnjor's Vile Clutch   Necr/Erth      0%         N/A       100%        5
 Curse of Agony           Necr           1%         N/A       100%        5
 Fireball                 Conj/Fire      0%         3d3       100%        5
 Irradiate                Conj/Alch      0%         3d11      100%        5
 Iskenderun's Battlesphe  Conj           1%         2d6       100%        5
 Lee's Rapid Deconstruct  Erth           0%         3d4*      100%        5
 Metabolic Englaciation   Hex/Ice        0%         N/A       100%        5
 Summon Mana Viper        Hex/Summ       1%         N/A       100%        5
 Yara's Violent Unravell  Hex/Alch       0%         3d3       100%        5
 Bombard                  Conj/Erth      0%         9d1       100%        6
 Conjure Ball Lightning   Conj/Air       2%         3x3d6     100%        6
 Death Channel            Necr           0%         N/A       100%        6
 Dispersal                Tloc           4%         N/A       100%        6
 Eringya's Noxious Bog    Alch           0%         4d6       100%        6
 Gell's Gavotte           Tloc           4%         2d(13-19) 100%        6
 Permafrost Eruption      Ice/Erth       0%         2x4d1     100%        6
 Sculpt Simulacrum        Ice/Alch       0%         N/A       100%        6
 Summon Cactus Giant      Summ           0%         N/A       100%        6
 Enfeeble                 Hex            0%         N/A       100%        7
 Haunt                    Necr/Summ      0%         N/A       100%        7
 Malign Gateway           Summ/Tloc      2%         N/A       100%        7
 Manifold Assault         Tloc           4%         N/A       100%        7
 Monstrous Menagerie      Summ           0%         N/A       100%        7
 Orb of Destruction       Conj           0%         9d5       100%        7
 Ozocubu's Refrigeration  Ice            0%         4d7       100%        7
 Summon Hydra             Summ           0%         N/A       100%        7
 Borgnjor's Revivificati  Necr           0%         N/A       100%        8
 Discord                  Hex            0%         N/A       100%        8
 Disjunction              Tloc           4%         N/A       100%        8
 Ignition                 Fire           0%         3d3       100%        8
 Lehudib's Crystal Spear  Conj/Erth      0%         10d2      100%        8
 Maxwell's Capacitive Co  Air            4%         ∞         100%        8
 Summon Horrible Things   Summ           0%         N/A       100%        8
 Chain Lightning          Conj/Air       2%         3d2       100%        9
 Death's Door             Necr           0%         N/A       100%        9
 Dragon's Call            Summ           0%         N/A       100%        9
 Fire Storm               Conj/Fire      0%         6d1       100%        9
 Polar Vortex             Ice            0%         N/A       100%        9
 Shatter                  Erth           0%         3d5*      100%        9


Dungeon Overview and Level Annotations

Branches:
Dungeon (15/15)            Temple (1/1) D:4            Lair (5/5) D:11
  Swamp (4/4) Lair:2        Snake (4/4) Lair:2        Slime (5/5) Lair:5
    Orc (2/2) D:12            Elf (3/3) Orc:2        Vaults (5/5) D:13
  Crypt (3/3) Vaults:3       Tomb (0/3) Crypt:3      Depths (4/4) D:15
   Hell (visited)             Dis (7/7) Hell            Geh (0/7) Hell
    Coc (6/7) Hell            Tar (1/7) Hell            Zot (5/5) Depths:4
  Sewer (visited)           IceCv (visited)          WizLab (visited)

Altars:
Ashenzari
Cheibriados
Dithmenos
Elyvilon
Fedhas
Gozag
Hepliaklqana
Kikubaaqudgha
Makhleb
Nemelex Xobeh
Okawaru
Qazlal
Ru
Sif Muna
Trog
Uskayaw
Vehumet
Wu Jian
Xom
Yredelemnul
Zin
The Shining One
Beogh

Shops:
D:10 [   D:15 :   Orc:2 (=(*   Elf:1 =   Elf:2 =   Snake:2 :!(**   Snake:4 (=
Vaults:4 [[   Depths:2 *

Portals:
Hell: Depths:1 Depths:2 Depths:3 Depths:4
Abyss: Depths:1 Depths:3
Pandemonium: Depths:1 Depths:2

Annotations:
Lair:5 exclusion: obsidian statue
Depths:1 4 transporters
Zot:5 exclusion: orange crystal statue


Innate Abilities, Weirdness & Mutations

You have a pair of horns on your head.
You reflexively headbutt those who attack you in melee.
You are agile. (Dex +4, Str/Int -1)
Your flesh is cold resistant. (rC+)
A frigid envelope surrounds you and freezes all who hurt you.
You are weak. (Str -2)
Your spells are a little harder to cast, but a little more powerful.


Message History

You hold your ground!
The bone dragon is very cold.
The bone dragon resists.
The bone dragon is lightly damaged.
The doom hound bites you!!
* * * LOW HITPOINT WARNING * * *
You feel more protected from physical attacks.
The doom hound claws you!
* * * LOW HITPOINT WARNING * * *
You feel more protected from physical attacks.
The spectral spriggan defender hits you but does no damage.
The spectral spriggan defender is very cold.
The spectral spriggan defender resists.
The spectral spriggan defender is lightly damaged.
The putrid mouth howls a warning cry!
You feel much better.
You feel sick.
The tormentor calls on the powers of darkness!
Your body is wracked with pain!
* * * LOW HITPOINT WARNING * * *
You block the spectral spriggan defender's attack.
You block the bone dragon's attack. x3; The doom hound completely misses you.
The doom hound claws you!
* * * LOW HITPOINT WARNING * * *
The doom hound is very cold.
The doom hound is almost dead.
The putrid mouth throws miasma at you.
The foul vapour engulfs the doom hound.
The doom hound completely resists.
You blink.
A spectral harpy comes into view.
You feel sick.
The bone dragon is engulfed in a thunderstorm.
You hear a loud "Zot"!
The power of Zot is invoked against you!
Your willpower is stripped away!
The spectral harpy moves out of view.
You feel sick. You block the tormentor's attack. x2
You block the bone dragon's attack. x2; The bone dragon closely misses you.
There is a gateway leading out of Tartarus, spattered with blood here.
You feel sick. You block the tormentor's attack. x2
The bone dragon completely misses you. You block the bone dragon's attack. x2
The spectral vault warden is engulfed in blazing flames.
The spectral vault warden hits you!
You die...

.# .# .# ## .#
.###... ##.
.#..... #..
.......
#.W#####.#.....
#..W##.Z☼..#
#.WhZ@°.####
#.ZZD2☼......
##.W^########
#..## ##.# ###


You could see a bone dragon, a doom hound, an eidolon, 2 putrid mouths, 2
spectral harpies, a spectral spriggan defender, a spectral vault warden and a
tormentor.

Vanquished Creatures
  Cerebov (Pan)
  Gloorx Vloq (Pan)
  14 pandemonium lords
  the Royal Jelly (Slime:5)
  Mnoleg (Pan)
  Ignacio (Pan)
  Lom Lobon (Pan)
  Dispater (Dis:7)
  Frederick (Crypt:3)
  4 dread liches
  4 ancient liches
  Mennas (Depths:4)
  7 orbs of fire (Zot:5)
  2 juggernauts (Dis:7)
  Xtahua (Depths:3)
  The ghost of Velavy the Conqueror, a veteran CoHs of Qazlal (Depths:2)
  Bai Suzhen (Depths:1)
  3 Killer Klowns (Zot:5)
  6 shard shrikes (Coc:6)
  Boris (Vaults:4)
  Margery (Crypt:3)
  2 curse toes
  28 caustic shrikes
  13 golden dragons
  the Enchantress (Depths:3)
  Geryon (Hell)
  A profane servitor (Abyss:3)
  4 bone dragons
  2 doom hounds (Crypt:3)
  14 iron giants (Dis:7)
  A Tzitzimitl (Pan)
  A hellephant (Pan)
  11 Brimstone Fiends (Pan)
  3 electric golems
  Mlioglotl (Snake:3)
  39 Hell Sentinels
  23 tentacled monstrosities
  5 quicksilver dragons
  13 liches
  25 Orb Guardians (Zot:5)
  Grunn (Crypt:3)
  9 Ice Fiends
  A walking earthen tome (Depths:3)
  2 deep elf master archers (Elf:3)
  A searing wretch (Crypt:3)
  2 deep elf blademasters (Elf:3)
  Asterion (Elf:1)
  5 sphinxes
  12 titans
  23 acid blobs
  17 tentacled starspawn
  24 ancient champions
  7 death cobs
  A walking divine tome (Depths:3)
  Murray (Hell)
  3 thorn hunters
  Frances (Snake:1)
  26 Executioners
  Roxanne (Swamp:1)
  15 storm dragons
  11 protean progenitors
  Kirke (D:12)
  11 nagarajas (Snake:4)
  6 tengu reavers
  6 draconian knights
  14 demonspawn warmongers (Pan)
  4 revenants
  10 rockslimes
  10 shadow dragons
  11 azure jellies
  2 fenstrider witches (Pan)
  7 fire giants
  5 draconian monks
  7 deep elf sorcerers
  7 narguns
  6 draconian shifters
  14 frost giants
  An emperor scorpion (Zig:4)
  6 ghost moths
  23 vault wardens
  7 quicksilver elementals
  10 iron dragons
  3 orc warlords
  5 draconian scorchers
  A juggernaut zombie (Hell)
  7 draconian stormcallers
  5 deep elf elementalists (Elf:3)
  38 reapers
  39 balrugs
  8 ghouls (Crypt:2)
  3 spriggan defenders
  5 caustic shrike skeletons
  3 angels
  6 shard shrike simulacra
  5 curse skulls
  10 demonspawn corrupters (Pan)
  8 draconian annihilators
  28 cacodemons
  A quicksilver ooze (shapeshifter) (Vaults:5)
  The ghost of Duiwip the Earth Mage, a journeyman GrEE of Gozag (Elf:3)
  13 ironbound preservers
  A broodmother (Zot:2)
  13 demonspawn blood saints (Pan)
  10 stone giants
  10 quicksilver oozes
  5 formless jellyfish
  13 elemental wellsprings
  35 very ugly things
  10 ironbound thunderhulks
  5 juggernaut skeletons
  7 black draconians
  15 deep elf death magi
  5 eleionomae
  12 white draconians
  8 deep elf demonologists
  13 lorocyprocas
  10 green draconians
  14 vampire knights
  5 yellow draconians
  15 demonspawn black suns (Pan)
  A putrid mouth (Tar:1)
  7 deep elf annihilators
  6 spark wasps
  Azrael (D:13)
  6 wendigos
  7 red draconians
  2 bunyips (Swamp:2)
  12 dire elephants
  5 purple draconians
  24 war gargoyles
  26 green deaths
  The ghost of gameguard the Fighter, a journeyman DsGl of Gozag (Orc:1)
  2 eidola
  Josephine (Lair:3)
  16 iron golems
  31 blizzard demons
  17 jiangshi
  7 entropy weavers
  9 ettins
  3 shambling mangroves
  22 yaktaur captains
  7 crystal guardians
  11 great orbs of eyes
  6 deep elf high priests
  A spectral spriggan (Tar:1)
  3 spriggan zombies (Abyss:3)
  10 fire dragons
  3 ice dragons
  3 juggernaut simulacra
  7 rakshasas
  2 salamander tyrants
  28 vault guards
  6 peacekeepers
  3 hell beasts (Pan)
  8 ironbound frosthearts
  The ghost of Krumphau the Thaumaturge, a journeyman DjIE of Makhleb (D:11)
  3 spriggan air magi
  6 caustic shrike simulacra
  6 ghost crabs
  11 alligators
  11 anacondas
  3 boulder beetles
  A catoblepas (Abyss:3)
  2 ogre magi
  A satyr (Abyss:4)
  21 centaur warriors
  A death knight (Crypt:1)
  17 hydras
  33 dancing weapons
  The ghost of Etzysuoth the Martial Artist, a journeyman DsWr of Qazlal (D:12)
  10 hell hogs
  A jorogumo (Pan)
  A radroach (Zig:4)
  5 deep troll earth magi
  A two-headed ogre (shapeshifter) (Depths:3)
  A spriggan skeleton (Crypt:3)
  12 demonic crawlers
  8 two-headed ogres
  A sphinx skeleton (Crypt:1)
  7 tengu warriors
  6 deep troll shamans
  18 thrashing horrors
  The ghost of Naynes the Nimble, a journeyman DEEE of Sif Muna (D:14)
  6 death yaks
  5 shock serpents
  14 vampire magi
  An occultist (Abyss:4)
  4 spriggan berserkers (Depths:3)
  8 naga sharpshooters
  A skyshark (shapeshifter) (Vaults:5)
  A spectral dire elephant (Lair:5)
  3 hellephant skeletons (Pan)
  13 wretched stars
  17 deep elf knights
  117 sun demons
  11 hell knights
  19 naga warriors
  A storm dragon skeleton (Crypt:3)
  Sonja (Lair:3)
  Amaemon (Lair:2)
  4 fire crabs (Zot:2)
  17 crystal echidnas
  58 soul eaters
  A bunyip zombie (Abyss:2)
  6 iron trolls
  3 quicksilver dragon simulacra
  4 skysharks (Lair:4)
  41 sixfirhies
  A death drake (shapeshifter) (Vaults:5)
  2 goliath frogs
  2 salamander mystics
  15 skeletal warriors
  6 spriggan druids
  6 sun moths
  4 arcanists
  2 shadow wraiths
  A spectral anaconda (Lair:5)
  22 shadow demons
  9 mana vipers
  3 orb spiders
  18 ironbound convokers
  14 swamp dragons
  38 deep trolls
  5 naga ritualists
  10 bog bodies
  8 glowing orange brains
  16 flayed ghosts
  4 harpies (Vaults:5)
  7 thermic dynamos
  22 phantasmal warriors
  7 lindwurms
  2 orange crystal statues
  The ghost of bigdog255 the Caller, a novice MDSu of Kikubaaqudgha (D:6)
  18 deep elf pyromancers
  8 necromancers
  12 deep elf archers
  82 large abominations
  A harpy (shapeshifter) (Vaults:5)
  4 spriggan simulacra
  2 lightning spires (WizLab)
  2 orc sorcerers
  An anaconda skeleton (Crypt:3)
  22 deep elf zephyrmancers
  21 starcursed masses
  A wolf spider (shapeshifter) (Depths:3)
  16 orc knights
  8 shining eyes
  A shadow dragon skeleton (Crypt:3)
  8 salamanders
  7 cyclopes
  39 ugly things
  A spectral ettin (Tar:1)
  A fire giant zombie (Crypt:2)
  A salamander (shapeshifter) (Depths:3)
  An oklob plant (Lair:3)
  4 rust devils
  5 will-o-the-wisps
  8 worldbinders
  6 manticores
  9 elephants (Lair:5)
  A cyclops (shapeshifter) (Depths:1)
  A centaur zombie (Hell)
  3 apocalypse crabs
  21 vault sentinels
  25 moths of wrath
  27 black mambas
  2 water nymphs (Abyss:4)
  An iron dragon skeleton (Abyss:5)
  13 guardian serpents
  A storm dragon simulacrum (Coc:2)
  4 ice statues
  7 molten gargoyles
  2 eyes of devastation
  6 meliai
  2 dire elephant zombies
  5 kobold blastminers
  33 orange demons
  127 smoke demons
  8 gargoyles
  3 titan simulacra
  14 naga magi
  3 unseen horrors
  2 centaur skeletons (Crypt:3)
  39 hellions
  2 dire elephant skeletons (Lair:5)
  2 naga skeletons
  9 komodo dragons
  Jeremiah (Lair:1)
  14 cane toads
  A yaktaur zombie (Vaults:1)
  11 rime drakes
  13 efreet
  An unseen horror (shapeshifter) (D:11)
  34 tormentors
  A spectral unseen horror (D:6)
  An unseen horror zombie (D:6)
  47 yaktaurs
  8 freezing wraiths
  7 ice devils
  An alligator snapping turtle skeleton (Crypt:3)
  8 tengu conjurers
  16 ancient zymes
  2 red devils (Pan)
  An anaconda simulacrum (Coc:4)
  4 polar bears
  A hydra zombie (Abyss:3)
  An iron giant simulacrum (Coc:1)
  A sun moth zombie (Crypt:1)
  2 harpy zombies (Crypt:3)
  3 trolls
  A bloated husk (Swamp:1)
  16 blink frogs
  5 glass eyes
  47 hellwings (Pan)
  A harpy skeleton (Abyss:1)
  8 tyrant leeches
  A death drake zombie (Crypt:1)
  19 hornets
  A spectral elephant (Lair:5)
  3 snapping turtles (Pan)
  A tarantella (shapeshifter) (Vaults:5)
  A death drake skeleton (Crypt:2)
  An iron dragon simulacrum (Coc:1)
  22 raiju
  93 slime creatures
  2 ettin zombies
  15 wraiths
  2 vampires (Crypt:3)
  4 dire elephant simulacra
  19 spriggans
  An air elemental (Elf:1)
  2 centaur simulacra
  6 fire dragon skeletons (Crypt:3)
  63 yaks
  82 ynoxinuls
  3 water elementals
  A human (shapeshifter) (Abyss:2)
  8 shadows
  8 fire bats
  4 fire elementals
  3 humans (D:12)
  4 wyverns
  2 basilisks
  A wind drake skeleton (Crypt:2)
  9 wargs
  2 steam dragons (D:9)
  41 chaos spawn
  4 golden eyes
  A spatial vortex (Abyss:5)
  10 redbacks
  15 vampire mosquitoes
  2 death yak simulacra (Lair:5)
  26 neqoxecs
  21 small abominations
  14 harpy simulacra
  38 nagas
  3 spectral cane toads (Lair:5)
  12 swamp worms
  3 acid dragons
  19 water moccasins
  A deep troll skeleton (Crypt:2)
  12 hell hounds
  2 hydra simulacra
  A fire bat skeleton (Crypt:2)
  A glowing shapeshifter skeleton (Vaults:1)
  Pargi (Sewer)
  A black bear (shapeshifter) (Elf:2)
  An ice beast (D:8)
  4 sky beasts
  9 swamp drakes (Swamp:4)
  39 orc warriors
  6 ettin simulacra
  6 black bears
  An ogre (D:5)
  30 laughing skulls
  18 wolves
  11 centaurs
  An elephant skeleton (Lair:5)
  4 kobold brigands
  5 weeping skulls
  9 brain worms
  12 bullfrogs
  6 earth elementals
  A gnoll sergeant (D:11)
  4 scorpions
  A wyvern skeleton (Crypt:1)
  A cane toad simulacrum (Lair:5)
  15 wights
  A shapeshifter zombie (Crypt:1)
  An orc simulacrum (Vaults:1)
  3 elephant simulacra (Lair:5)
  4 lindwurm simulacra (IceCv)
  3 howler monkeys
  A spectral centaur (D:6)
  8 electric eels
  6 komodo dragon simulacra (IceCv)
  3 quasits (D:14)
  2 bombardier beetles
  A gnoll bouda (D:4)
  3 hounds
  4 jellies
  2 sleepcaps
  13 orc priests
  2 iron imps
  5 iguanas
  28 orc wizards
  8 hell rats
  A naga zombie (Crypt:1)
  A killer bee simulacrum (D:6)
  4 acid dragon simulacra (IceCv)
  9 gnolls
  10 adders
  A howler monkey skeleton (Crypt:1)
  2 shadow imps
  5 white imps
  2 ufetubi (Abyss:1)
  7 steam dragon simulacra (IceCv)
  A lava snake skeleton (Crypt:2)
  An adder skeleton (Crypt:2)
  2 dart slugs
  2 ribbon worms
  96 orcs
  5 ball pythons
  5 endoplasms
  2 giant cockroaches
  9 goblins
  4 hobgoblins
  2 jackals (D:1)
  10 quokkas
  5 bats
  A bombardier beetle zombie (Crypt:2)
  4 frilled lizards
  A giant cockroach zombie (Crypt:1)
  27 kobolds
  7 rats
  An aspiring flesh (Zot:2)
  A ball lightning (Pan)
  A fire vortex (Pan)
  6 lurking horrors
  2 spectral weapons (Elf:1)
  12 starspawn tentacles
4096 creatures vanquished.

Vanquished Creatures (collateral kills)
  2 slime creatures (Vaults:1)
  A hellion (Coc:3)
3 creatures vanquished.

Vanquished Creatures (others)
  An eldritch tentacle (Pan)
  A nargun (Coc:3)
  A frost giant (Vaults:5)
  A nagaraja (Pan)
  A ghost moth (Pan)
  A broodmother (Zot:2)
  A lorocyproca (Pan)
  A bunyip (Swamp:1)
  A rakshasa (Pan)
  A caustic shrike simulacrum (Coc:1)
  A vampire mage (Depths:2)
  A deep elf knight (Elf:3)
  2 sixfirhies (Pan)
  A phantasmal warrior (Crypt:3)
  A sun moth (Pan)
  2 spriggan simulacra (Coc:3)
  2 deep elf zephyrmancers
  A deep elf pyromancer (Elf:3)
  A worldbinder (Abyss:3)
  A manticore (shapeshifter) (Vaults:5)
  A large abomination (Pan)
  A hellion (Pan)
  A hellwing (Pan)
  A shadow dragon simulacrum (Coc:1)
  A stone giant simulacrum (Coc:1)
  2 ynoxinuls (Pan)
  A spriggan (Swamp:3)
  A dire elephant simulacrum (Coc:1)
  2 neqoxecs
  A harpy simulacrum (Coc:1)
  A hydra simulacrum (Coc:3)
  A small abomination (Abyss:3)
  A wight (Abyss:3)
  An ufetubus (Pan)
  11 ball lightnings (Pan)
  27 foxfires
  2 lurking horrors
  26 starspawn tentacles
105 creatures vanquished.

Grand Total: 4204 creatures vanquished

Notes
Turn   | Place    | Note
-------+----------+-------------------------------------------
     0 | D:1      | AutarchDCSS the Minotaur Monk began the quest for the Orb.
     0 | D:1      | Reached XP level 1. HP: 19/19 MP: 0/0
    85 | D:1      | Reached XP level 2. HP: 8/27 MP: 1/1
   620 | D:1      | Reached XP level 3. HP: 15/33 MP: 2/2
   926 | D:2      | Found a faded altar of an unknown god.
  1083 | D:2      | Reached skill level 5 in Long Blades
  1083 | D:2      | Reached XP level 4. HP: 40/40 MP: 3/3
  2348 | D:4      | Upgraded the game from 0.32-a0-871-ge202e49faa to
                  | 0.32-a0-872-g59262bdc9b
  2453 | D:4      | Noticed a scorpion
  2462 | D:4      | Killed a scorpion
  2463 | D:4      | Reached XP level 5. HP: 38/47 MP: 4/4
  2479 | D:4      | Reached skill level 5 in Fighting
  2708 | D:4      | Found a staircase to the Ecumenical Temple.
  2725 | Temple   | Entered the Ecumenical Temple
  2740 | Temple   | Became a worshipper of Qazlal Stormbringer
  2740 | Temple   | Reached * piety under Qazlal
  2740 | Temple   | Reached ** piety under Qazlal
  2822 | D:4      | Reached XP level 6. HP: 46/56 MP: 5/5
  3029 | D:4      | Reached skill level 1 in Shields
  3250 | D:4      | Found a snail-covered altar of Cheibriados.
  3252 | D:4      | Found a hide-covered altar of Uskayaw.
  3895 | D:5      | Entered Level 5 of the Dungeon
  3959 | D:5      | Reached XP level 7. HP: 57/61 MP: 6/6
  4911 | D:5      | Found a bloodstained altar of Trog.
  5464 | D:6      | Reached skill level 5 in Shields
  5488 | D:6      | Reached XP level 8. HP: 49/68 MP: 7/7
  5605 | D:6      | Found a runed translucent gate.
  5606 | D:6      | Found a runed translucent gate.
  5607 | D:6      | Found a runed translucent gate.
  5704 | D:6      | Found a glowing drain.
  5713 | Sewer    | Entered a sewer
  5865 | Sewer    | Identified 2 scrolls of acquirement
  5865 | Sewer    | Acquired a manual of Fighting
  5873 | Sewer    | Acquired the -2 hat of the Alchemist {rElec rPois rF+ rC+
                  | rN+ Will+ rMut rCorr}
  5873 | Sewer    | Found the -2 hat of the Alchemist {rElec rPois rF+ rC+ rN+
                  | Will+ rMut rCorr}
  5900 | Sewer    | Noticed Pargi
  5906 | Sewer    | Killed Pargi
  5953 | Sewer    | Reached *** piety under Qazlal
  6296 | D:6      | Noticed a spectral unseen horror
  6296 | D:6      | Noticed bigdog255's ghost (novice MDSu)
  6660 | D:7      | Reached XP level 9. HP: 73/82 MP: 8/8
  7283 | D:7      | Found a radiant altar of Vehumet.
  7284 | D:7      | Found a white marble altar of Elyvilon.
  7290 | D:7      | Found a glowing golden altar of the Shining One.
  7291 | D:7      | Found an ancient bone altar of Kikubaaqudgha.
  7292 | D:7      | Found a shimmering blue altar of Sif Muna.
  7296 | D:7      | Found a sparkling altar of Nemelex Xobeh.
  7299 | D:7      | Found a broken altar of Ashenzari.
  7304 | D:7      | Reached skill level 10 in Fighting
  7543 | D:8      | Noticed a centaur warrior
  7554 | D:8      | Killed a centaur warrior
  7555 | D:8      | Reached skill level 10 in Shields
  8427 | D:8      | Reached **** piety under Qazlal
  8428 | D:8      | Reached XP level 10. HP: 84/104 MP: 9/9
  8656 | D:8      | Reached skill level 15 in Fighting
  8860 | D:9      | Reached skill level 1 in Invocations
  9160 | D:9      | Noticed a two-headed ogre
  9167 | D:9      | Reached skill level 10 in Long Blades
  9201 | D:9      | Killed a two-headed ogre
  9551 | D:10     | Entered Level 10 of the Dungeon
  9784 | D:10     | Found Fuwerghif's Antique Armour Shop.
  9789 | D:10     | Reached skill level 5 in Invocations
  9809 | D:10     | Bought an ancient ring mail for 288 gold pieces
  9809 | D:10     | Identified the +1 ring mail "Icopunic" {Will- Int-2 Dex+5
                  | Slay+3} (You bought it in a shop on level 10 of the
                  | Dungeon)
 11126 | D:11     | Reached XP level 11. HP: 112/112 MP: 14/14
 11138 | D:11     | Got Ypokovoro's Volume of the Impure Quake
 11155 | D:11     | Reached ***** piety under Qazlal
 11166 | D:11     | Found a staircase to the Lair.
 11215 | D:11     | Found a runed translucent door.
 11216 | D:11     | Found a shimmering altar of Xom.
 11216 | D:11     | Noticed Krumphau's ghost (journeyman DjIE)
 11217 | D:11     | Noticed a +3 mace of chaos
 12401 | Lair:1   | Entered Level 1 of the Lair of Beasts
 12510 | Lair:1   | Noticed Jeremiah
 12511 | Lair:1   | Found a frozen archway.
 12526 | Lair:1   | Killed Jeremiah
 12572 | IceCv    | Entered an ice cave
 13255 | IceCv    | Reached XP level 12. HP: 119/119 MP: 18/18
 13257 | IceCv    | Noticed an ice dragon
 13274 | IceCv    | Killed an ice dragon
 13275 | IceCv    | Reached skill level 10 in Invocations
 13919 | Lair:1   | Reached skill level 5 in Armour
 14809 | Lair:2   | Noticed Amaemon
 15230 | Lair:2   | Killed Amaemon
 15231 | Lair:2   | Reached skill level 5 in Dodging
 15412 | Lair:2   | Found a staircase to the Snake Pit.
 15623 | Lair:2   | Noticed a four-headed hydra
 15650 | Lair:2   | Killed a five-headed hydra
 15815 | Lair:2   | Identified the +3 rapier of Tenacity {antimagic, rN+ Will+
                  | Str-4}
 15992 | Lair:2   | Found a staircase to the Swamp.
 15993 | Lair:2   | Noticed an eleionoma
 16003 | Lair:2   | Killed an eleionoma
 16189 | Lair:3   | Noticed Josephine
 16206 | Lair:3   | Killed Josephine
 16212 | Lair:3   | Reached XP level 13. HP: 120/126 MP: 19/19
 16220 | Lair:3   | Reached skill level 10 in Armour
 16270 | Lair:3   | Noticed Sonja
 16285 | Lair:3   | Killed Sonja
 16439 | Lair:3   | Reached ****** piety under Qazlal
 16455 | Lair:3   | Reached skill level 10 in Dodging
 18077 | Lair:5   | Entered Level 5 of the Lair of Beasts
 18430 | Lair:5   | Reached skill level 15 in Shields
 18843 | Lair:5   | Reached XP level 14. HP: 122/135 MP: 20/20
 18945 | Lair:5   | Found a staircase to the Slime Pits.
 19425 | Lair:5   | Reached skill level 15 in Long Blades
 20127 | Lair:5   | Got the Atlas of Pyromania
 20791 | D:12     | Noticed Kirke
 20800 | D:12     | Killed Kirke
 20874 | D:12     | Found a runed translucent gate.
 20874 | D:12     | Found a runed translucent gate.
 20874 | D:12     | Found a runed translucent gate.
 20874 | D:12     | Found an opulent altar of Gozag.
 20874 | D:12     | Noticed Etzysuoth's ghost (journeyman DsWr)
 20942 | D:12     | Found a roughly hewn altar of Beogh.
 20942 | D:12     | Found a staircase to the Orcish Mines.
 21794 | D:13     | Found a stormy altar of Qazlal.
 21926 | D:13     | Noticed Azrael
 21934 | D:13     | Killed Azrael
 22050 | D:13     | Found a gate to the Vaults.
 22538 | D:14     | Reached XP level 15. HP: 146/146 MP: 22/22
 22662 | D:14     | Found a transporter.
 22667 | D:14     | Noticed Naynes's ghost (journeyman DEEE)
 22676 | D:14     | Found a transporter.
 22718 | D:14     | Found a white marble altar of Elyvilon.
 23176 | D:15     | Entered Level 15 of the Dungeon
 23447 | D:15     | Found a staircase to the Depths.
 23628 | D:15     | Found Sicrubat's Book Shoppe.
 24109 | Orc:1    | Entered Level 1 of the Orcish Mines
 24109 | Orc:1    | Found a transporter.
 24221 | Orc:1    | Found a burning altar of Makhleb.
 24230 | Orc:1    | Found a transporter.
 25012 | Orc:1    | Identified the +7 great mace of the Curious Teeth {vamp,
                  | Int+4}
 25055 | Orc:1    | Noticed gameguard's ghost (journeyman DsGl)
 25056 | Orc:2    | Entered Level 2 of the Orcish Mines
 25679 | Orc:2    | Found a staircase to the Elven Halls.
 25732 | Orc:2    | Found Menirhah's Jewellery Emporium.
 25732 | Orc:2    | Found Qezoosch's Antique Weapon Shop.
 25734 | Orc:2    | Found Wiom's Assorted Antiques.
 25736 | Orc:2    | Found Vaseecum's Weapon Shoppe.
 25751 | Orc:2    | Bought the +8 autumn katana {manifold assault} for 1262
                  | gold pieces
 25751 | Orc:2    | Found the +8 autumn katana {manifold assault}
 25965 | Snake:1  | Entered Level 1 of the Snake Pit
 25965 | Snake:1  | Noticed Frances
 25977 | Snake:1  | Killed Frances
 26173 | Snake:1  | Identified the ring "Uran" {rCorr Dex+3}
 26930 | Snake:2  | Found Warphasu's Assorted Antiques.
 26932 | Snake:2  | Found Kaigel's General Store.
 26932 | Snake:2  | Found Weps's Book Boutique.
 26937 | Snake:2  | Found Hualed's Antique Weapon Boutique.
 26964 | Snake:2  | Found Myvviv's Distillery.
 27049 | Snake:2  | You fall into a shaft and drop 1 floor!
 27080 | Snake:3  | Reached XP level 16. HP: 142/154 MP: 24/24
 27099 | Snake:3  | Reached skill level 15 in Dodging
 27585 | Snake:3  | Noticed Mlioglotl
 27597 | Snake:3  | Killed Mlioglotl
 28555 | Snake:4  | Entered Level 4 of the Snake Pit
 28564 | Snake:4  | Found Cehoproaz's Weapon Shop.
 28564 | Snake:4  | Found a white marble altar of Elyvilon.
 28943 | Snake:4  | Found Enwi's Jewellery Shop.
 29674 | Snake:4  | Reached XP level 17. HP: 123/166 MP: 25/25
 30534 | Snake:4  | Noticed a quicksilver dragon
 30551 | Snake:4  | Killed a quicksilver dragon
 30918 | Snake:4  | Got a serpentine rune of Zot
 31145 | Swamp:1  | Entered Level 1 of the Swamp
 31145 | Swamp:1  | Noticed Roxanne
 31692 | Swamp:1  | Killed Roxanne
 32059 | Swamp:1  | Identified the +1 leather armour "Ixoorud" {rF+ rC- Str+3
                  | Dex+3}
 33299 | Swamp:3  | Identified the +2 shortbow of Xinix {antimagic, Str-4 Int+4
                  | Stlth+}
 33796 | Swamp:4  | Entered Level 4 of the Swamp
 34393 | Swamp:4  | Reached XP level 18. HP: 178/178 MP: 26/26
 34455 | Swamp:4  | Identified the +1 dagger of Buorhah {elec, rElec rCorr}
 34574 | Swamp:4  | Got a decaying rune of Zot
 34925 | Elf:1    | Entered Level 1 of the Elven Halls
 35144 | Snake:4  | Bought a ring of willpower for 400 gold pieces
 35403 | Elf:1    | Noticed Asterion
 35421 | Elf:1    | Killed Asterion
 36011 | Elf:1    | Found Jafa's Jewellery Emporium.
 36446 | Elf:2    | Found Hoelo's Jewellery Emporium.
 37006 | Elf:2    | Found a runed translucent gate.
 37006 | Elf:2    | Found a runed translucent gate.
 37006 | Elf:2    | Found a runed translucent gate.
 37189 | Elf:3    | Entered Level 3 of the Elven Halls
 37655 | Elf:3    | Reached skill level 15 in Armour
 37762 | Elf:3    | Identified the +4 hand axe of Hoenoym {flame, Fly Will-
                  | Dex+6}
 38196 | Elf:3    | Identified the +1 gold dragon scales of Oblivion {rElec
                  | rPois rF+ rC+}
 38522 | Elf:3    | Identified the +6 hand axe of Insufficient Pleasure
                  | {freeze, Int+3}
 38522 | Elf:3    | Identified the +1 leather armour "Feojoimn" {Str+3}
 38534 | Elf:3    | Reached XP level 19. HP: 185/185 MP: 27/27
 38539 | Elf:3    | Identified the +4 broad axe "Wastofae" {protect, rElec
                  | Str+5}
 38570 | Elf:3    | Identified the ring of Puihaeck {rC+ rN+ Will+ Dex+6
                  | Stlth-}
 39663 | Elf:3    | Acquired a +3 double sword of holy wrath
 39758 | Elf:3    | Noticed a Tzitzimitl
 39774 | Elf:3    | Got the Almanac of the Deep Freeze and Geology
 39776 | Elf:3    | Identified the +1 pair of gloves of Chimes {rPois rC-
                  | Regen+ Str+6}
 39803 | Elf:3    | Found the +2 pair of slick slippers {slick, slippery, EV+4}
 39820 | Elf:3    | Noticed a Brimstone Fiend
 39822 | Elf:3    | Noticed a Brimstone Fiend
 39997 | Elf:3    | Got Sif Muna's Teachings on Support
 40010 | Elf:3    | Identified the amulet "Wucsaqag" {-Tele rF+ Regen+ Int+4
                  | Stlth+}
 40727 | Vaults:1 | Entered Level 1 of the Vaults
 41932 | Vaults:2 | Reached skill level 15 in Invocations
 41976 | Vaults:2 | Paralysed by a formless jellyfish for 1 turns
 42042 | Vaults:2 | Identified the +1 ring mail "Qobryfu" {rElec rN+}
 42063 | Vaults:2 | Reached XP level 20. HP: 193/193 MP: 30/30
 42758 | Vaults:2 | Identified the +6 chain mail of the Unicorn {rN+ Int-3
                  | SInv}
 43072 | Vaults:3 | Found a staircase to the Crypt.
 43072 | Vaults:3 | Found an ancient bone altar of Kikubaaqudgha.
 43072 | Vaults:3 | Found a basalt altar of Yredelemnul.
 43177 | Vaults:3 | Found a magical portal.
 43186 | WizLab   | Entered Maxwell's Workshop
 43242 | WizLab   | Identified the ring of Xeyf {Ice Fly rN+++ Int-4 Stlth+}
 43281 | WizLab   | Found the +15 Maxwell's patent armour {-Cast -Tele rElec
                  | Will+ rCorr}
 43535 | WizLab   | Identified the ring "Ydamm" {Fire rElec Int-2 Dex+5}
 43719 | WizLab   | Identified the +1 leather armour of the Black Moon {Will-
                  | Str+4 Dex+5}
 43723 | WizLab   | Identified the ring "Nutid" {Ice rN+ Will+}
 44889 | Vaults:4 | Found Huny Uti's Armour Shoppe.
 45377 | Vaults:4 | Reached XP level 21. HP: 201/201 MP: 33/33
 45439 | Vaults:4 | Found Koeng's Antique Armour Shop.
 45445 | Vaults:4 | Bought a pair of embroidered boots for 240 gold pieces
 46269 | Depths:1 | Entered Level 1 of the Depths
 46270 | Depths:1 | Found a gateway to Hell.
 46325 | Depths:1 | Noticed Bai Suzhen
 46337 | Depths:1 | Killed Bai Suzhen
 46712 | Depths:1 | Found a transporter.
 46901 | Depths:1 | Found a one-way gate to the infinite horrors of the Abyss.
 46962 | Depths:1 | Found a one-way gate leading to the halls of Pandemonium.
 47033 | Depths:1 | Found a transporter.
 47161 | Depths:1 | Found a transporter.
 47161 | Depths:1 | Found a transporter.
 48103 | Depths:2 | Found a runed translucent door.
 48103 | Depths:2 | Found a shimmering altar of Xom.
 48104 | Depths:2 | Noticed Velavy's ghost (veteran CoHs)
 48125 | Depths:2 | Found a portal to a secret trove of treasure.
 48360 | Depths:2 | Found Yplaireh's Overcharged Wands.
 48606 | Depths:3 | Noticed a caustic shrike
 48606 | Depths:3 | Noticed a caustic shrike
 48606 | Depths:3 | Noticed a caustic shrike
 48607 | Depths:3 | Noticed a caustic shrike
 48612 | Depths:3 | Killed a caustic shrike
 48612 | Depths:3 | Killed a caustic shrike
 48612 | Depths:3 | Killed a caustic shrike
 48612 | Depths:3 | Noticed a caustic shrike
 48616 | Depths:3 | Killed a caustic shrike
 48623 | Depths:3 | Killed a caustic shrike
 48631 | Depths:3 | Reached XP level 22. HP: 214/214 MP: 5/35
 48684 | Trove    | Entered a treasure trove
 48688 | Trove    | Identified the +1 cloak of the Midnight Sun {Int+3}
 48689 | Trove    | Identified the orb of Uhenuvo {*Rage, rCorr SInv}
 48693 | Trove    | Found the +3 warlock's mirror {omnireflect}
 48695 | Trove    | Identified the orb of the Eagle {*Rage, Harm Rampage rC-
                  | Necro}
 48696 | Trove    | Identified the +1 hat of Mutualism {rPois Regen+ Slay+3}
 48703 | Trove    | Identified the +0 tower shield of Hope Qoy {+Inv Int+3}
 48704 | Trove    | Identified the scarf of the Rhinotaur {repulsion, Int+3}
 49421 | Depths:3 | Noticed an ancient lich
 49431 | Depths:3 | Killed an ancient lich
 50271 | Depths:3 | Noticed a golden dragon
 50282 | Depths:3 | Killed a golden dragon
 50560 | Depths:3 | Noticed a dread lich
 50564 | Depths:3 | Found a one-way gateway to a ziggurat.
 50573 | Depths:3 | Killed a dread lich
 50798 | Depths:4 | Entered Level 4 of the Depths
 50798 | Depths:4 | Noticed Mennas
 51188 | Depths:4 | Noticed a golden dragon
 51212 | Depths:4 | Killed Mennas
 51216 | Depths:4 | Killed a golden dragon
 51269 | Depths:4 | Found a broken altar of Ashenzari.
 51335 | Depths:4 | Noticed Xtahua
 51652 | Depths:4 | Noticed the Enchantress
 52364 | Depths:3 | Killed the Enchantress
 52376 | Depths:3 | Killed Xtahua
 52676 | Depths:4 | Found a gate to the Realm of Zot.
 53412 | Crypt:1  | Entered Level 1 of the Crypt
 53950 | Crypt:1  | Found a basalt altar of Yredelemnul.
 54234 | Crypt:1  | Reached XP level 23. HP: 225/229 MP: 36/36
 55069 | Crypt:3  | Entered Level 3 of the Crypt
 55496 | Crypt:3  | Noticed Grunn
 55498 | Crypt:3  | Identified the orb "Zixkum" {*channel, Rampage}
 55498 | Crypt:3  | Noticed Frederick
 55511 | Crypt:3  | Killed Grunn
 55542 | Crypt:3  | Noticed Margery
 55800 | Crypt:3  | Identified the +5 quarterstaff of Apluil {speed, Will+
                  | Str+2 Stlth+}
 55884 | Crypt:3  | Found a staircase to the Tomb.
 55896 | Crypt:3  | Noticed a dread lich
 55901 | Crypt:3  | Killed a dread lich
 55914 | Crypt:3  | Got the Treatise on the Morgue
 56062 | Crypt:3  | Killed Margery
 56099 | Crypt:3  | Killed Frederick
 56342 | Crypt:3  | Found an ancient bone altar of Kikubaaqudgha.
 56353 | Crypt:3  | Noticed a dread lich
 56368 | Crypt:3  | Killed a dread lich
 56376 | Crypt:3  | Identified the ring "Heuh" {rF+ Str+4 SInv}
 57050 | Orc:2    | Bought the ring of Circularity {rF+ rC+ Dex+2 Stlth-} for
                  | 627 gold pieces
 57263 | Slime:1  | Entered Level 1 of the Pits of Slime
 57277 | Slime:1  | Reached skill level 1 in Evocations
 57634 | Slime:1  | Gained mutation: Your body sometimes deteriorates upon
                  | taking damage. [a shining eye]
 58079 | Slime:2  | Reached skill level 5 in Evocations
 58489 | Slime:5  | Entered Level 5 of the Pits of Slime
 58497 | Slime:5  | Gained mutation: You are clumsy. (Dex -2) [a shining eye]
 58627 | Slime:5  | Reached XP level 24. HP: 240/242 MP: 36/36
 58797 | Slime:5  | Noticed the Royal Jelly
 59174 | Slime:5  | Killed the Royal Jelly
 59325 | Slime:5  | Found the +5 glaive of the Guard {elec, spectral}
 59340 | Slime:5  | Got the Volume of Spectral Electricity
 59401 | Slime:5  | Identified the ring "Issiska" {Ice rN+ Slay+6}
 59538 | Slime:5  | Identified the +0 robe "Yroczel" {Fly rF- Regen+ Archmagi}
 59540 | Slime:5  | Got a slimy rune of Zot
 59613 | Slime:5  | Identified the +0 dagger of Malaise {freeze, +Blink rPois
                  | rN+ Dex-2}
 59614 | Slime:5  | Identified the +0 ring mail of Konkext {rPois Str+3}
 59616 | Slime:5  | Identified the +6 scale mail of Complete Protection {rF+
                  | Int+3 SInv}
 59619 | Slime:5  | Identified the ring of Sesenwolo {rElec rPois rC+ rN+}
 60110 | Vaults:5 | Entered Level 5 of the Vaults
 60112 | Vaults:5 | Noticed an ancient lich
 61068 | Vaults:4 | Killed an ancient lich
 61486 | Vaults:5 | Identified the +3 robe of Doytacvaofa {rC- Int+6}
 61486 | Vaults:5 | Noticed Boris
 61620 | Vaults:4 | Killed Boris
 61869 | Vaults:5 | Identified the ring of Soraqe {rPois rN+ Dex+3}
 61893 | Vaults:5 | Identified the ring "Yshrabamuki" {rF- rC++ rN+ rCorr EV+5}
 62105 | Vaults:5 | Got a silver rune of Zot
 62286 | Vaults:5 | Identified the +9 arbalest of the Eternal Warrior {heavy,
                  | rC+ Will+}
 62302 | Vaults:5 | Reached XP level 25. HP: 220/249 MP: 36/36
 62323 | Vaults:5 | Reached skill level 10 in Evocations
 62703 | Vaults:5 | Found the +10 morningstar "Eos" {elec, Halo rElec}
 62730 | Vaults:5 | Got Sif Muna's Folio of the Excursion and Debased Secrets
 63414 | Orc:2    | Bought a scroll of enchant armour for 240 gold pieces
 63754 | Depths:2 | Killed Velavy's ghost
 63839 | Zig:1    | Entered Level 1 of a ziggurat
 64107 | Zig:2    | Entered Level 2 of a ziggurat
 64109 | Zig:2    | Noticed Pyqiwk the pandemonium lord
 64133 | Zig:2    | Killed Pyqiwk the pandemonium lord
 64432 | Zig:2    | Identified the +4 quarterstaff of Zogi {drain, Str+3}
 64437 | Zig:3    | Entered Level 3 of a ziggurat
 64865 | Zig:4    | Entered Level 4 of a ziggurat
 65379 | D:14     | Killed Naynes's ghost
 65383 | D:14     | Identified the +0 hat "Wyucw" {rPois Dex+2}
 65384 | D:14     | Identified the amulet "Cevaet" {Will+ Regen+ Str+5 SInv}
 65893 | Zot:1    | Entered Level 1 of the Realm of Zot
 65922 | Zot:1    | Reached skill level 1 in Shapeshifting
 66584 | Zot:1    | Reached skill level 5 in Shapeshifting
 69663 | Zot:3    | Reached XP level 26. HP: 258/258 MP: 36/36
 69696 | Zot:3    | Reached skill level 10 in Shapeshifting
 70531 | Zot:4    | Reached XP level 27. HP: 266/266 MP: 36/36
 70900 | Zot:4    | Identified the +9 short sword of Desperation {vamp, rN+
                  | SInv}
 71118 | Zot:5    | Entered Level 5 of the Realm of Zot
 71857 | Zot:5    | Noticed an orb of fire
 71877 | Zot:5    | Killed an orb of fire
 72165 | Zot:5    | Noticed an orb of fire
 72204 | Zot:5    | Killed an orb of fire
 72313 | Zot:5    | Noticed an orb of fire
 72328 | Zot:5    | Noticed an orb of fire
 72331 | Zot:5    | Noticed an orb of fire
 72333 | Zot:5    | Killed an orb of fire
 72341 | Zot:5    | Gained mutation: You have an increased reservoir of magic.
                  | (+10% MP) [an orb of fire]
 72349 | Zot:5    | Killed an orb of fire
 72355 | Zot:5    | Lost mutation: You are clumsy. (Dex -2) [an orb of fire]
 72361 | Zot:5    | Killed an orb of fire
 72580 | Zot:5    | Noticed an orb of fire
 72580 | Zot:5    | Noticed an ancient lich
 72607 | Zot:5    | Killed an orb of fire
 72626 | Zot:5    | Killed an ancient lich
 73464 | Zot:5    | Noticed an ancient lich
 73479 | Zot:5    | Killed an ancient lich
 73531 | Zot:5    | Noticed an orb of fire
 73543 | Zot:5    | Killed an orb of fire
 74092 | Hell     | Entered the Vestibule of Hell
 74095 | Hell     | Noticed Geryon
 74106 | Hell     | Noticed Murray
 74135 | Hell     | Killed Geryon
 74135 | Hell     | Killed Murray
 74136 | Hell     | Found a gateway to the freezing wastes of Cocytus.
 74462 | Hell     | Found a gateway to the decaying netherworld of Tartarus.
 74503 | Hell     | Found a gateway to the ashen valley of Gehenna.
 74588 | Hell     | Found a gateway to the Iron City of Dis.
 75139 | Pan      | Entered Pandemonium
 75161 | Pan      | Noticed Omitasoh the pandemonium lord
 75180 | Pan      | Killed Omitasoh the pandemonium lord
 75271 | Pan      | Gained mutation: Armour fits poorly on your strangely
                  | shaped body. [a cacodemon]
 76066 | Pan      | Noticed Keukuuf the pandemonium lord
 76078 | Pan      | Killed Keukuuf the pandemonium lord
 76614 | Pan      | Got a demonic rune of Zot
 76616 | Pan      | Got the Precepts of the Voyage and Damage
 76864 | Pan      | Found a corrupted altar of Lugonu.
 77033 | Pan      | Found an exit through the horrors of the Abyss.
 77105 | Pan      | Gained mutation: You occasionally lose the ability to drink
                  | potions when taking damage. [a cacodemon]
 77186 | Pan      | Lost mutation: Armour fits poorly on your strangely shaped
                  | body. [potion of mutation]
 77186 | Pan      | Lost mutation: You have an increased reservoir of magic.
                  | (+10% MP) [potion of mutation]
 77186 | Pan      | Gained mutation: You passively dampen the noise of your
                  | surroundings. [potion of mutation]
 77186 | Pan      | Gained mutation: You have hidden genetic defects. [potion
                  | of mutation]
 77187 | Pan      | Lost mutation: You passively dampen the noise of your
                  | surroundings. [potion of mutation]
 77187 | Pan      | Lost mutation: You have hidden genetic defects. [potion of
                  | mutation]
 77187 | Pan      | Gained mutation: You occasionally lose the ability to read
                  | scrolls when taking damage. [potion of mutation]
 77187 | Pan      | Gained mutation: You possess an exceptional clarity of
                  | mind. [potion of mutation]
 77188 | Pan      | Lost mutation: Your body sometimes deteriorates upon taking
                  | damage. [potion of mutation]
 77188 | Pan      | Lost mutation: You possess an exceptional clarity of mind.
                  | [potion of mutation]
 77188 | Pan      | Gained mutation: You have large cloven feet. [potion of
                  | mutation]
 77188 | Pan      | Gained mutation: Your mind is acute. (Int +4, Str/Dex -1)
                  | [potion of mutation]
 77188 | Pan      | Gained mutation: You are partially covered in large bone
                  | plates. (SH +4) [potion of mutation]
 77189 | Pan      | Lost mutation: Your mind is acute. (Int +4, Str/Dex -1)
                  | [potion of mutation]
 77189 | Pan      | Lost mutation: You occasionally lose the ability to drink
                  | potions when taking damage. [potion of mutation]
 77189 | Pan      | Lost mutation: You are partially covered in large bone
                  | plates. (SH +4) [potion of mutation]
 77189 | Pan      | Gained mutation: You have hoof-like feet. [potion of
                  | mutation]
 77189 | Pan      | Gained mutation: You are partially covered in iridescent
                  | scales. (AC +2) [potion of mutation]
 77189 | Pan      | Gained mutation: You have a pair of large horns on your
                  | head. [potion of mutation]
 77190 | Pan      | Lost mutation: You have hoof-like feet. [potion of
                  | mutation]
 77190 | Pan      | Lost mutation: You have a pair of large horns on your head.
                  | [potion of mutation]
 77190 | Pan      | Gained mutation: You are frail. (-10% HP) [potion of
                  | mutation]
 77190 | Pan      | Gained mutation: Your magical capacity is low. (-10% MP)
                  | [potion of mutation]
 77190 | Pan      | Gained mutation: You are resistant to electric shocks.
                  | (rElec) [potion of mutation]
 77518 | Pan      | Noticed Bysyset the pandemonium lord
 77652 | Pan      | Killed Bysyset the pandemonium lord
 77714 | Pan      | Noticed Ignacio
 77727 | Pan      | Killed Ignacio
 78119 | Pan      | Gained mutation: You are vulnerable to cold. (rC-) [a
                  | cacodemon]
 78256 | Pan      | Reached skill level 27 in Fighting
 78869 | Pan      | Found a runed translucent door.
 79433 | Pan      | Noticed Zocaw the pandemonium lord
 79447 | Pan      | Killed Zocaw the pandemonium lord
 79912 | Pan      | Found a runed translucent door.
 79987 | Pan      | Found a runed translucent door.
 80001 | Pan      | Found a runed translucent door.
 80004 | Pan      | Found a runed translucent door.
 80009 | Pan      | Noticed Nenkic the pandemonium lord
 80277 | Pan      | Identified the +0 leather armour of Recklessness {rElec
                  | Dex+4}
 80509 | Pan      | Killed Nenkic the pandemonium lord
 80635 | Pan      | Noticed Tiwe the pandemonium lord
 80646 | Pan      | Killed Tiwe the pandemonium lord
 80664 | Pan      | Reached skill level 27 in Shields
 81316 | Pan      | Noticed Gitsouj the pandemonium lord
 81336 | Pan      | Killed Gitsouj the pandemonium lord
 81759 | Pan      | Found an exit through the horrors of the Abyss.
 81849 | Pan      | Identified the +1 leather armour "Haisuraa" {rF+ SInv}
 82352 | Pan      | Entered the realm of Cerebov.
 82508 | Pan      | Identified the +8 war axe "Tyevohou" {distort, Int+2}
 82508 | Pan      | Identified the +2 glaive of Valour {drain, rPois rCorr
                  | MP+9}
 82527 | Pan      | Found the +6 sword of Cerebov {flame}
 82527 | Pan      | Noticed Cerebov
 82568 | Pan      | Killed Cerebov
 82569 | Pan      | Reached skill level 15 in Evocations
 82692 | Pan      | Identified the ring "Rydicw" {^Contam +Blink rN++ Str+6}
 82698 | Pan      | Identified the +3 shortbow of Onwail {flame, rN+ rCorr
                  | Dex+3 Stlth-}
 82752 | Pan      | Identified the +1 hand axe "Jet Ygao" {flame, +Blink rC+
                  | rN+}
 82780 | Pan      | Got a fiery rune of Zot
 83031 | Pan      | Found an exit through the horrors of the Abyss.
 83419 | Pan      | Found a burning altar of Makhleb.
 83574 | Pan      | Found an exit through the horrors of the Abyss.
 83645 | Pan      | Noticed Sirueru the pandemonium lord
 83664 | Pan      | Killed Sirueru the pandemonium lord
 83770 | Pan      | Found a runed translucent door.
 85227 | Pan      | Noticed Beplat the pandemonium lord
 85253 | Pan      | Killed Beplat the pandemonium lord
 86175 | Depths:2 | Escaped Pandemonium
 86808 | Orc:2    | Bought a potion of heal wounds for 160 gold pieces
 87020 | Snake:2  | Bought a potion of haste for 210 gold pieces
 87023 | Snake:2  | Bought a potion of resistance for 300 gold pieces
 87023 | Snake:2  | Bought a potion of curing for 90 gold pieces
 87044 | Snake:2  | Bought a potion of might for 68 gold pieces
 87044 | Snake:2  | Bought a potion of might for 68 gold pieces
 87214 | D:12     | Killed Etzysuoth's ghost
 87551 | Orc:1    | Killed gameguard's ghost
 87646 | D:11     | Killed Krumphau's ghost
 87840 | D:6      | Killed bigdog255's ghost
 88695 | Pan      | Entered the realm of Mnoleg.
 88695 | Pan      | Entered Pandemonium
 88744 | Pan      | Gained mutation: You are weak. (Str -2) [a neqoxec]
 88783 | Pan      | Reached skill level 27 in Dodging
 88783 | Pan      | Noticed Mnoleg
 88982 | Pan      | Gained mutation: You are clumsy. (Dex -2) [a cacodemon]
 89130 | Pan      | Reached skill level 27 in Armour
 89157 | Pan      | Killed Mnoleg
 89312 | Pan      | Got a glowing rune of Zot
 89401 | Pan      | Gained mutation: Your body sometimes deteriorates upon
                  | taking damage. [a neqoxec]
 89434 | Pan      | Got the Handbook of the Battered Defenders
 89457 | Pan      | Noticed Aklinwaj the pandemonium lord
 89482 | Pan      | Killed Aklinwaj the pandemonium lord
 89652 | Pan      | Found an exit through the horrors of the Abyss.
 89784 | Pan      | Identified the orb "Hetwog" {mayhem, *Slow Fly Regen+
                  | Str+10}
 89995 | Pan      | Lost mutation: Your magical capacity is low. (-10% MP)
                  | [potion of mutation]
 89995 | Pan      | Lost mutation: You have large cloven feet. [potion of
                  | mutation]
 89995 | Pan      | Lost mutation: Your body sometimes deteriorates upon taking
                  | damage. [potion of mutation]
 89996 | Pan      | Lost mutation: You are frail. (-10% HP) [potion of
                  | mutation]
 89996 | Pan      | Lost mutation: You are clumsy. (Dex -2) [potion of
                  | mutation]
 89996 | Pan      | Gained mutation: You possess an exceptional clarity of
                  | mind. [potion of mutation]
 89996 | Pan      | Gained mutation: Your spells are a little harder to cast,
                  | but a little more powerful. [potion of mutation]
 89997 | Pan      | Lost mutation: You are vulnerable to cold. (rC-) [potion of
                  | mutation]
 89997 | Pan      | Lost mutation: You are partially covered in iridescent
                  | scales. (AC +2) [potion of mutation]
 89997 | Pan      | Lost mutation: You are resistant to electric shocks.
                  | (rElec) [potion of mutation]
 89997 | Pan      | Gained mutation: You are partially covered in large bone
                  | plates. (SH +4) [potion of mutation]
 89998 | Pan      | Lost mutation: You possess an exceptional clarity of mind.
                  | [potion of mutation]
 89998 | Pan      | Lost mutation: You occasionally lose the ability to read
                  | scrolls when taking damage. [potion of mutation]
 89998 | Pan      | Gained mutation: A frigid envelope surrounds you and
                  | freezes all who hurt you. [potion of mutation]
 89998 | Pan      | Gained mutation: You are agile. (Dex +4, Str/Int -1)
                  | [potion of mutation]
 90057 | Pan      | Took an exit into the Abyss.
 90057 | Abyss:1  | Escaped into the Abyss
 90088 | Abyss:1  | Found a corrupted altar of Lugonu.
 90126 | Abyss:1  | Found a corrupted altar of Lugonu.
 90138 | Abyss:1  | Found a burning altar of Makhleb.
 90423 | Depths:2 | Escaped the Abyss
 90475 | Pan      | Entered Pandemonium
 90506 | Pan      | Noticed Teugao the pandemonium lord
 90542 | Pan      | Killed Teugao the pandemonium lord
 91028 | Pan      | Found an exit through the horrors of the Abyss.
 91487 | Pan      | Entered the realm of Lom Lobon.
 91511 | Pan      | Identified the +5 ring mail of the Wheelwright {Dex+5 SInv}
 91587 | Pan      | Found an exit through the horrors of the Abyss.
 92563 | Pan      | Noticed Lom Lobon
 92595 | Pan      | Killed Lom Lobon
 92634 | Pan      | Got a magical rune of Zot
 93033 | Pan      | Found an exit through the horrors of the Abyss.
 93056 | Pan      | Noticed Laxoet the pandemonium lord
 93082 | Pan      | Killed Laxoet the pandemonium lord
 93109 | Pan      | Entered the realm of Gloorx Vloq.
 93521 | Pan      | Noticed Gloorx Vloq
 93538 | Pan      | Killed Gloorx Vloq
 93697 | Pan      | Got a dark rune of Zot
 93940 | Pan      | Found an exit through the horrors of the Abyss.
 94770 | Pan      | Took an exit into the Abyss.
 94770 | Abyss:2  | Escaped into the Abyss
 95114 | Abyss:3  | Found a corrupted altar of Lugonu.
 95769 | Abyss:4  | Found a corrupted altar of Lugonu.
 95786 | Depths:2 | Escaped the Abyss
 96297 | Depths:1 | Voluntarily entered the Abyss.
 96300 | Abyss:4  | Found a corrupted altar of Lugonu.
 96377 | Abyss:4  | Got an abyssal rune of Zot
 96431 | Depths:1 | Escaped the Abyss
 96802 | Dis:1    | Entered Level 1 of the Iron City of Dis
 96957 | Dis:2    | Reached skill level 27 in Invocations
 98126 | Dis:7    | Entered Level 7 of the Iron City of Dis
100633 | Dis:7    | Reached skill level 1 in Air Magic
100639 | Dis:7    | Reached skill level 1 in Spellcasting
100639 | Dis:7    | Reached skill level 1 in Translocations
101009 | Dis:7    | Noticed a juggernaut
101048 | Dis:7    | Killed a juggernaut
101277 | Dis:7    | Identified the +6 trident "Hell-Harrower" {freeze, rCorr
                  | MP+9}
101278 | Dis:7    | Identified the +1 quarterstaff of the Owl {protect, rF+}
101289 | Dis:7    | Identified the amulet "Piat" {Faith ^Drain rPois Regen+
                  | SInv}
101299 | Dis:7    | Identified the +8 war axe "ETAOIN SHRDLU" {drain, Dex+3}
102926 | Dis:7    | Noticed a juggernaut
102941 | Dis:7    | Killed a juggernaut
102982 | Dis:7    | Noticed Dispater
103011 | Dis:7    | Killed Dispater
103102 | Dis:7    | Got an iron rune of Zot
103518 | Coc:1    | Entered Level 1 of Cocytus
103521 | Coc:1    | You are sucked into a shaft and drop 1 floor!
103529 | Coc:2    | Noticed a dread lich
103531 | Coc:2    | Paralysed by a wendigo for 1 turns
103764 | Coc:2    | Killed a dread lich
104227 | Coc:3    | Reached skill level 5 in Translocations
104229 | Coc:3    | Reached skill level 5 in Air Magic
106929 | Pan      | Entered Pandemonium
106968 | Pan      | Noticed Rojexkep the pandemonium lord
106982 | Pan      | Gained mutation: Your body sometimes deteriorates upon
                  | taking damage. [a cacodemon]
106989 | Pan      | Killed Rojexkep the pandemonium lord
106991 | Pan      | Gained mutation: You sometimes lose your temper in combat.
                  | [a cacodemon]
107003 | Pan      | Reached skill level 27 in Long Blades
107678 | Pan      | Found an exit through the horrors of the Abyss.
107795 | Pan      | Took an exit into the Abyss.
107795 | Abyss:4  | Escaped into the Abyss
107800 | Abyss:4  | Found a corrupted altar of Lugonu.
107807 | Abyss:4  | Found a corrupted altar of Lugonu.
107810 | Depths:2 | Escaped the Abyss
107816 | Depths:2 | Lost mutation: You are partially covered in large bone
                  | plates. (SH +4) [potion of mutation]
107816 | Depths:2 | Lost mutation: Your body sometimes deteriorates upon taking
                  | damage. [potion of mutation]
107816 | Depths:2 | Lost mutation: You sometimes lose your temper in combat.
                  | [potion of mutation]
107816 | Depths:2 | Gained mutation: Your flesh is cold resistant. (rC+)
                  | [potion of mutation]
107911 | Coc:1    | Lost intelligence.
108263 | Coc:3    | Lost intelligence.
108968 | Elf:3    | Found a runed translucent door.
108968 | Elf:3    | Noticed Duiwip's ghost (journeyman GrEE)
108979 | Elf:3    | Killed Duiwip's ghost
109435 | Depths:1 | Voluntarily entered the Abyss.
109561 | Abyss:5  | Found a corrupted altar of Lugonu.
109597 | Depths:1 | Escaped the Abyss
109893 | Depths:1 | Voluntarily entered the Abyss.
109893 | Abyss:5  | Found a corrupted altar of Lugonu.
109933 | Abyss:5  | Found a corrupted altar of Lugonu.
110088 | Abyss:5  | Lost intelligence.
110092 | Depths:1 | Escaped the Abyss
111939 | Tar:1    | Entered Level 1 of Tartarus
111939 | Tar:1    | Lost intelligence.
111964 | Tar:1    | HP: 11/273 [doom hound (13)]
111967 | Tar:1    | Slain by a spectral vault warden

Illustrated notes

Levels and vault maps discovered:
D:1:      scummos_arrival_gate, layout_rooms, minmay_three_crescents
D:2:      layout_rooms, dreamdust_ecumenical_altar_grove,
          palyth_stone_intersect, chequers_serial_rivers_micro_d
D:3:      layout_basic, serial_bayou, serial_bayou_shore_b,
          serial_bayou_lagoon_a, serial_bayou_pond_e, serial_bayou_pond_a,
          chequers_serial_rivers_small_3, minivault_4, minmay_misc_feat_doors,
          minivault_23, nicolae_underground_beach
D:4:      layout_loops_corners, chequers_temple_overflow_statue_of_worship,
          minmay_temple_entry_overgrown, eino_tiny_chamber
D:5:      layout_basic, kennysheep_little_box, kennysheep_generic_room_11
D:6:      layout_loops_ring, gammafunk_ghost_necromancy, portal_sewer_entry_d,
          grunt_ministairs_5
D:7:      layout_loops_cross, nicolae_overflow_hallway_of_the_gods,
          minmay_crystal_room
D:8:      nicolae_cairo_tiling, layout_layer_cave, nicolae_elevator_lobby_plus
D:9:      layout_long_grid, kennysheep_generic_room_10
D:10:     layout_loops_ring, serial_shops, shop
D:11:     layout_stronghold, dpeg_lair_monsters, ebering_ghost_xom,
          nicolae_water_bricks
D:12:     layout_basic, david_orc_5, ebering_ghost_gozag, nrook_loot_triangle,
          kennysheep_generic_room_5, uniq_kirke
D:13:     layout_basic, david_vaults_2, nicolae_qazlal_scattered_showers,
          uniq_azrael
D:14:     layout_irregular_city, elyvilon_altar_5, gammafunk_ghost_stat_death
D:15:     hellmonk_depths_entry_around_the_bend, layout_rooms, serial_shops,
          nicolae_shop_statue_plus, chequers_big_river, minivault_16
Temple:   hellmonk_temple_two_chambers
Lair:1:   layout_cave_pods, portal_ice_cave_entry_pillars_1, uniq_jeremiah
Lair:2:   layout_gridlike, alex1729_swamp_entry_worm_eleionoma,
          alex1729_snake_entry_snake, uniq_amaemon
Lair:3:   layout_roguey, beast_lair_carwin_2, uniq_josephine, uniq_sonja
Lair:4:   layout_cave_pods, lemuel_fruit_tree, lemuel_fruit_fields,
          serial_bayou_shore_b
Lair:5:   due_jungle_book, layout_loops_ring, slime_entry_1,
          nicolae_quartered_pool_medium, mumra_transporter_accident
Swamp:1:  layout_basic_swamp, nicolae_swamp_tree_isthmus, swamp_pool_4,
          uniq_roxanne
Swamp:2:  layout_falls_marsh, evilmike_swamp_ruin_rubble_2,
          infiniplex_staircase_pool_2
Swamp:3:  layout_falls_marsh, nicolae_swamp_little_swirl, swamp_pool_1_2,
          hangedman_swamp_pad
Swamp:4:  swamp, layout_basic_swamp
Snake:1:  layout_onion, uniq_frances
Snake:2:  layout_rooms, serial_shops, nicolae_diamond_shop,
          serial_bayou_shore_b, grunt_megastairs_5, minmay_shoptagon
Snake:3:  layout_basic, nrook_guardian_serpent_double, uniq_mlioglotl
Snake:4:  hellmonk_snake_rune_quicksilver_temple, layout_cave_town,
          serial_shops, nicolae_shop_just_a_little_nook, shop, basic_altar,
          serial_library_hellmonk_open_cross
Slime:1:  layout_caves
Slime:2:  layout_caves, uniq_dissolution
Slime:3:  layout_caves
Slime:4:  layout_caves
Slime:5:  slime_pit_nicolae_trefoil
Orc:1:    layout_caves, gammafunk_ghost_smash, basic_altar, nooodl_orcs_dogs
Orc:2:    st_orc_rangers, layout_caves
Elf:1:    layout_geoelf_grid, serial_shops, nicolae_shop_gaudy_bauble,
          evilmike_minifort, drop_trap, uniq_asterion
Elf:2:    elven_hall_of_blades_hangedman_original [mumra_blade_entry_dagger],
          layout_geoelf_grid, serial_shops, nicolae_shop_hallway_stairs
Elf:3:    grunt_elf_hall_branching, layout_loops_corners,
          ebering_ghost_inner_flame, minmay_misc_feat_alley
Vaults:1: v_misc_1, grunt_vaults_diagonal,
          serial_library_regret_index_small_wings, nicolae_vaults_wrenched,
          nicolae_vaults_triangles, nicolae_vaults_little_ls, v_misc_17,
          nicolae_vaults_trapezoid_lopsided_3, nicolae_vaults_frosty_reception,
          layout_vaults_maze
Vaults:2: hangedman_vaults_trim, nicolae_vaults_museum,
          nicolae_vaults_closet_pinwheel_1, vaults_dpeg_encased_lava,
          hangedman_vaults_impose, ontoclasm_vaults_twist,
          hangedman_vaults_restitches, v_misc_18, v_misc_9, v_rooms_4,
          v_misc_17, vaults_mumra_chevron, layout_vaults_omnicross
Vaults:3: mu_enter_wizlab_3, cheibrodos_statue_roulette,
          minmay_crypt_entry_necro_gods, nicolae_vaults_trapezoid_4,
          nicolae_vaults_trapezoid_lopsided_2, ontoclasm_vaults_idyll,
          vaults_room_fours, nicolae_vaults_border_crossing,
          layout_vaults_omnigrid
Vaults:4: nicolae_vaults_sightless_eye, v_rooms_2, v_misc_13,
          nicolae_vaults_closet_pinwheel_6,
          nicolae_vaults_taking_the_gang_shopping,
          nicolae_vaults_three_branches, layout_vaults_chaotic_city,
          serial_shops, nicolae_shop_tiny_real_fake_doors
Vaults:5: uniq_boris
Crypt:1:  layout_rooms, basic_altar, serial_library_regret_index_closets,
          grunt_megastairs_3, grunt_crypt_arrival_split
Crypt:2:  layout_rooms, st_stairs_8, amcnicky_mini_rare_corridor_liquid,
          grunt_ministairs_9
Crypt:3:  quadcrypt_mu, uniq_margery, uniq_grunn, uniq_frederick
Depths:1: layout_honeycomb, hellmouth_3, rand_demon_pan_entry_5, abyss_entry,
          nicolae_diode_quadrants, uniq_bai_suzhen
Depths:2: regret_index_all_hallows'_manor, layout_long_grid, enter_trove_2,
          ebering_ghost_xom, hell_entry, pan_entry,
          nicolae_shop_overcharged_wands, infiniplex_staircase_pool_lava
Depths:3: minmay_textured_paths, layout_cave_shapes, enter_ziggurat_c,
          hangedman_tar_grid_catacomb, abyss_entry
Depths:4: evilmike_zot_entry_argh, layout_gridville, hell_entry,
          nicolae_ashenzari_skybound, uniq_josephina, uniq_mennas,
          uniq_enchantress, uniq_xtahua
Hell
Dis:1:    layout_subdivisions, nicolae_hells_seeping_fissure
Dis:2:    layout_regular_city
Dis:3:    layout_regular_city
Dis:4:    layout_overlapping_boxes
Dis:5:    layout_gridville
Dis:6:    layout_gridville
Dis:7:    dis_st
Coc:1:    layout_cocytus_water_paths
Coc:2:    layout_cocytus_water_paths
Coc:3:    layout_ice_bergs
Coc:4:    layout_ice_bergs
Coc:5:    layout_cocytus_delve
Coc:6:    nicolae_coc_on_the_berg
Tar:1:    layout_catacombs, nicolae_tar_cuneiform_bird
Zot:1:    layout_gridlike
Zot:2:    layout_cathedral_of_symmetry, skrybe_zot_glass_1, grunt_megastairs_1
Zot:3:    cheibrodos_frozen_isle, layout_misc_corridors,
          regret_index_zotdec_gossamer_gf
Zot:4:    layout_gridlike, st_small_dragon_hoard_2,
          hangedman_zot_decor_scrapings
Zot:5:    layout_gridlike, drop_trap

Skill      XL: |  1  2  3  4  5  6  7  8  9 10 11 12 13 14 15 16 17 18 19 20 21 22 23 24 25 26 27 |
---------------+----------------------------------------------------------------------------------+-----
Long Blades    | 4 5 6 7 9 11 14 16 18 20 27 | 27.0
Fighting       | 4 5 8 14 15 16 18 20 21 23 25 27 | 27.0
Dodging        | 4 8 10 11 14 16 19 25 27 | 27.0
Shields        | 2 5 9 10 15 16 19 20 21 22 24 27 | 27.0
Invocations    | 6 9 10 11 13 15 18 20 27 | 27.0
Armour         | 9 10 16 17 27 | 27.0
Evocations     | 6 9 12 20 | 20.7
Shapeshifting  | 9 11 13 | 13.7
Air Magic      | 5 |  5.2
Spellcasting   | 4 |  4.8
Translocations | 5 |  5.2

Action                     |  1- 3 |  4- 6 |  7- 9 | 10-12 | 13-15 | 16-18 | 19-21 | 22-24 | 25-27 || total
---------------------------+-------+-------+-------+-------+-------+-------+-------+-------+-------++-------
  Melee: Falchion          |    83 |   130 |   102 |       |       |       |       |       |       ||   315
         Headbutt          |    13 |    26 |    49 |   155 |   294 |   338 |   440 |   657 |  2593 ||  4565
         Scimitar          |       |       |   175 |   372 |       |    15 |       |       |       ||   562
         Demon blade       |       |       |       |   182 |   962 |       |       |    85 |   158 ||  1387
         Rapier            |       |       |       |     5 |    16 |       |       |       |       ||    21
         Katana            |       |       |       |       |   117 |  1468 |  1721 |  1384 |  4472 ||  9162
         Double sword      |       |       |       |       |       |       |       |   646 |  3150 ||  3796
 Invoke: Upheaval          |       |       |     1 |     2 |     1 |     3 |     1 |       |    11 ||    19
         Elemental Force   |       |       |       |       |       |     1 |     1 |       |     1 ||     3
         Disaster Area     |       |       |       |       |       |       |     5 |     2 |    13 ||    20
Ability: Evoke Blink       |       |       |       |       |       |       |       |       |     1 ||     1
  Evoke: Wand              |       |       |     1 |       |       |       |     1 |     6 |     9 ||    17
         Sack of spiders   |       |       |       |       |     1 |       |       |     1 |     1 ||     3
         Tin of tremorston |       |       |       |       |       |       |       |     1 |       ||     1
         Horn of Geryon    |       |       |       |       |       |       |       |       |     1 ||     1
         Lightning rod     |       |       |       |       |       |       |       |       |     1 ||     1
    Use: Scroll            |       |       |    21 |     4 |     9 |     8 |     6 |     5 |    25 ||    78
         Potion            |       |       |       |       |       |     1 |       |     6 |    51 ||    58
   Stab: Held in net/web   |       |       |       |       |       |     1 |       |       |       ||     1
         Distracted        |       |       |       |       |       |       |       |       |     3 ||     3
         Confused          |       |       |       |       |       |       |       |       |     1 ||     1
 Armour: Robe              |    41 |    32 |       |       |       |       |       |       |       ||    73
         Ring mail         |       |    17 |       |       |       |       |       |       |       ||    17
         Scale mail        |       |     1 |   120 |   250 |   294 |       |       |       |       ||   665
         Chain mail        |       |       |       |       |    26 |   386 |   177 |   401 |   555 ||  1545
         Gold dragon scale |       |       |       |       |       |       |       |       |   419 ||   419
         Acid dragon scale |       |       |       |       |       |       |       |       |    37 ||    37
  Dodge: Dodged            |    61 |    47 |    60 |   128 |   225 |   262 |   143 |   392 |  1589 ||  2907
         Repelled          |       |       |       |    18 |    48 |    78 |    35 |    65 |   238 ||   482
  Block: Kite shield       |       |    48 |    37 |   193 |  1202 |   160 |       |       |       ||  1640
         Buckler           |       |       |   113 |   295 |       |       |       |       |       ||   408
         Reflection        |       |       |     7 |     9 |   147 |   147 |   153 |    67 |     4 ||   534
         Tower shield      |       |       |       |       |       |  1425 |  1429 |  2377 |  8842 || 14073

Table legend: (Time is in decaauts)
 A = Elapsed time spent in this place.
 B = Non-inter-level travel time spent in this place.
 C = Inter-level travel time spent in this place.
 D = Time resting spent in this place.
 E = Time spent auto-exploring this place.
 F = Levels seen in this place.
 G = Mean time per level.
                   A        B        C        D        E       F      G
               +--------+--------+--------+--------+--------+-----+--------+
         Total | 108990 |  98481 |  10509 |  30422 |  44484 | 106 | 1028.2 |
       Dungeon |  19379 |  15166 |   4213 |   1905 |  10516 |  15 | 1291.9 |
        Temple |     21 |     15 |      6 |      0 |      0 |   1 |   21.0 |
          Lair |   7229 |   6359 |    870 |   1738 |   3600 |   5 | 1445.8 |
         Swamp |   3724 |   3577 |    147 |   1077 |   1749 |   4 |  931.0 |
     Snake Pit |   5214 |   4824 |    390 |   1285 |   2739 |   4 | 1303.5 |
    Slime Pits |   2371 |   2279 |     92 |    757 |    881 |   5 |  474.2 |
  Orcish Mines |   2140 |   1636 |    504 |    275 |   1048 |   2 | 1070.0 |
   Elven Halls |   6001 |   5472 |    529 |   2288 |   2064 |   3 | 2000.3 |
        Vaults |   8900 |   7268 |   1632 |   1508 |   3957 |   5 | 1780.0 |
         Crypt |   3276 |   3168 |    108 |    439 |   1979 |   3 | 1092.0 |
        Depths |  11342 |  10240 |   1102 |   6542 |   2176 |   4 | 2835.5 |
          Hell |   1322 |   1148 |    174 |    621 |    280 |   1 | 1322.0 |
           Dis |   5937 |   5713 |    224 |   3319 |    613 |   7 |  848.1 |
       Cocytus |   2792 |   2676 |    116 |   1541 |    752 |   6 |  465.3 |
      Tartarus |     29 |     29 |      0 |      0 |      0 |   1 |   29.0 |
           Zot |   7651 |   7254 |    397 |   2182 |   3605 |   5 | 1530.2 |
         Abyss |   1642 |   1642 |      0 |     32 |    478 |  10 |  164.2 |
   Pandemonium |  16617 |  16617 |      0 |   2775 |   7719 |  17 |  977.5 |
      Ziggurat |   1398 |   1398 |      0 |   1275 |      0 |   4 |  349.5 |
         Trove |     51 |     51 |      0 |      0 |      0 |   1 |   51.0 |
         Sewer |    253 |    253 |      0 |    100 |      0 |   1 |  253.0 |
      Ice Cave |   1137 |   1137 |      0 |    762 |    115 |   1 | 1137.0 |
        Wizlab |    555 |    555 |      0 |      0 |    210 |   1 |  555.0 |
               +--------+--------+--------+--------+--------+-----+--------+

Top non-repeatable levels by time:
   Dis:7: 4769 daAuts
Depths:1: 4621 daAuts
Depths:3: 2904 daAuts
Vaults:4: 2744 daAuts
   Zot:5: 2724 daAuts
   Elf:3: 2652 daAuts
Depths:2: 2546 daAuts
   Elf:2: 2120 daAuts
     D:4: 2109 daAuts
   Zot:2: 2043 daAuts
    D:12: 1901 daAuts
    D:11: 1848 daAuts
 Snake:3: 1836 daAuts
  Lair:4: 1792 daAuts
Vaults:5: 1791 daAuts
